 Dungeon Crawl Stone Soup version 0.31.0-11-ge490571c62 (webtiles) character file.

Game seed: 16483010387438357451

10265 TobyConnect the Fighter (level 11, -22/108 HPs)
             Began as a Minotaur Fighter on Feb 1, 2024.
             Was an Initiate of Gozag.
             Annihilated by a guardian serpent (glowing shapeshifter) (23 damage)
             ... on level 14 of the Dungeon.
             The game lasted 00:09:43 (11895 turns).

TobyConnect the Fighter (Minotaur Fighter)         Turns: 11895, Time: 00:09:43

Health: -22/108    AC:  5    Str: 24    XL:     11   Next: 33%
Magic:  10/10      EV: 11    Int:  5    God:    Gozag
Gold:   448        SH:  4    Dex: 11    Spells: 10/10 levels left

rFire   . . .        a - +0 war axe
rCold   . . .        c - +0 buckler
rNeg    . . .        (no body armour)
rPois   .            (helmet restricted)
rElec   .            d - +1 cloak {Stlth+}
rCorr   .            D - +0 pair of gloves
SInv    .            p - +0 pair of boots
Will    +....        (no amulet)
Stlth   ++           y - ring of willpower
HPRegen 0.38/turn    (no ring)
MPRegen 0.12/turn

%: no passive effects
@: about to teleport
A: horns 2, retaliatory headbutt
a: Renounce Religion, Potion Petition, Call Merchant, Bribe Branch


You were on level 14 of the Dungeon.
You worshipped Gozag.
Gozag was aware of your devotion.
You visited 2 branches of the dungeon, and saw 13 of its levels.

You collected 1271 gold pieces.
You spent 225 gold pieces at shops.
You paid 598 gold pieces to Gozag.

Inventory:

Hand Weapons
 a - a +0 war axe (weapon)
Missiles
 E - 2 throwing nets (quivered)
Armour
 b - a +0 scale mail
 c - a +0 buckler (worn)
 d - a +1 cloak of stealth (worn)
 o - a +0 chain mail
 p - a +0 pair of boots (worn)
 C - a +0 cloak
 D - a +0 pair of gloves (worn)
 I - a +0 plate armour
Jewellery
 i - a ring of magical power
 t - a ring of wizardry
 u - an amulet of faith
 y - a ring of willpower (left hand)
Wands
 f - a wand of iceblast (6)
 m - a wand of digging (5)
 H - a wand of polymorph (4)
Scrolls
 g - 2 scrolls of poison
 l - a scroll of teleportation
 r - a scroll of vulnerability
 s - a scroll of revelation
 w - a scroll of enchant armour {unknown}
 x - 3 scrolls of amnesia {unknown}
 B - a scroll of brand weapon {unknown}
Potions
 e - a potion of brilliance {unknown}
 h - 2 potions of cancellation {unknown}
 j - a potion of invisibility {unknown}
 k - a potion of lignification
 n - 2 potions of curing
 q - 3 potions of haste {unknown}
 z - 4 potions of heal wounds {unknown}
 A - 3 potions of mutation {unknown}
 F - a potion of degeneration {unknown}
 G - a potion of resistance {unknown}


   Skills:
 * Level 13.9 Fighting
 * Level 13.6 Axes
 + Level 10.3 Armour
 - Level 3.6 Shields


You had 10 spell levels left.
You didn't know any spells.
Your spell library contained the following spells:

 Spells                   Type           Power      Damage    Failure   Level
 Magic Dart               Conj           0%         1d3       54%         1
 Blink                    Tloc           0%         N/A       67%         2
 Call Imp                 Summ           0%         N/A       67%         2
 Cigotuvi's Dreadful Rot  Necr/Alch/Air  0%         N/A       67%         2
 Sublimation of Blood     Necr           0%         N/A       67%         2
 Ignite Poison            Fire/Alch      0%         N/A       99%         4
 Freezing Cloud           Conj/Ice/Air   0%         6-21      100%        5
 Summon Hydra             Summ           0%         N/A       100%        7


Dungeon Overview and Level Annotations

Branches:
Dungeon (11/15)            Temple (1/1) D:7            Lair (0/5) D:10
    Orc: D:9-12

Altars:
Ashenzari
Cheibriados
Dithmenos
Elyvilon
Fedhas
Gozag
Hepliaklqana
Kikubaaqudgha
Makhleb
Nemelex Xobeh
Okawaru
Qazlal
Ru
Sif Muna
Trog
Uskayaw
Vehumet
Wu Jian
Xom
Yredelemnul
Zin
The Shining One

Shops:
D:9 [   D:14 (

Annotations:
D:3 2 transporters


Innate Abilities, Weirdness & Mutations

You have a pair of horns on your head.
You reflexively headbutt those who attack you in melee.


Message History

The guardian serpent hits you but does no damage.
The guardian serpent hits you.
* * * LOW HITPOINT WARNING * * *
The yak is engulfed in poison gas.
The yak looks even sicker.
Unknown command.
You completely miss the guardian serpent.
The guardian serpent is lightly wounded.
The guardian serpent hits you!
* * * LOW HITPOINT WARNING * * *
The guardian serpent hits you!
* * * LOW HITPOINT WARNING * * *
Unknown command.
You slash the guardian serpent!
The guardian serpent is heavily wounded.
The tengu conjurer looks more healthy.
You block the guardian serpent's attack.
The guardian serpent hits you!
* * * LOW HITPOINT WARNING * * *
Unknown command.
You feel better. The guardian serpent hits you.
* * * LOW HITPOINT WARNING * * *
The guardian serpent hits you.
* * * LOW HITPOINT WARNING * * *
Unknown command.
You hit the guardian serpent.
The guardian serpent is heavily wounded.
You feel less wooden.
Your +1 cloak of stealth unmelds from your body.
Your +0 pair of gloves unmelds from your body.
Your +0 pair of boots unmelds from your body.
You feel stealthy.
You feel yourself speed up. The guardian serpent hits you!
* * * LOW HITPOINT WARNING * * *
The guardian serpent barely misses you.
Unknown command.
As you read the scroll of teleportation, it crumbles to dust.
You feel strangely unstable. The guardian serpent hits you!!
You die...
Your body crumbles into a pile of gold.

...................#
........#########..#
........#
#..#########
.....%..#
##..........
........#
###.#########
........# #...#
####.#### #.### #..#
#.# #.## #@# .. #S#
... #.YQ*...#
#(.Q*.....(
#...)...#.#
+.........
#.......#.#
#..$..... .
#.........


You could see a guardian serpent shaped shifter, a yak shaped shifter (very
poisoned), 2 tengu conjurers and 2 battlespheres.

Vanquished Creatures
  A two-headed ogre (D:8)
  3 death yaks (D:10)
  Nergalle (D:10)
  Grinder (D:4)
  Sigmund (D:5)
  A shadow (D:9)
  2 wyverns (D:9)
  2 wraiths
  15 yaks
  A steam dragon (D:7)
  4 vampire mosquitoes (D:10)
  Duvessa (D:7)
  An ice beast (D:7)
  3 orc warriors
  An ogre (D:5)
  2 black bears
  A boggart (shapeshifter) (D:14)
  3 centaurs
  3 bullfrogs
  2 scorpions
  A gnoll sergeant (D:9)
  Dowan (D:7)
  10 wights
  10 killer bees
  3 howler monkeys
  2 hounds
  4 orc priests
  A jelly (D:7)
  2 sleepcaps
  A gnoll bouda (D:9)
  5 iguanas
  7 orc wizards
  4 adders
  17 gnolls
  4 river rats
  A white imp (D:4)
  10 ufetubi
  2 ribbon worms
  3 dart slugs
  27 orcs
  13 endoplasms
  4 giant cockroaches
  5 goblins
  10 hobgoblins
  14 jackals
  11 quokkas
  7 ball pythons
  3 bats
  2 frilled lizards
  11 kobolds
  10 rats
254 creatures vanquished.

Notes
Turn   | Place    | Note
-------+----------+-------------------------------------------
     0 | D:1      | TobyConnect the Minotaur Fighter began the quest for the
                  | Orb.
     0 | D:1      | Reached XP level 1. HP: 19/19 MP: 0/0
   179 | D:1      | Reached XP level 2. HP: 25/27 MP: 1/1
   731 | D:2      | Reached XP level 3. HP: 33/33 MP: 2/2
   997 | D:2      | Found a faded altar of an unknown god.
  1449 | D:2      | Found a shimmering blue altar of Sif Muna.
  1772 | D:3      | Found a basalt altar of Yredelemnul.
  1833 | D:3      | Reached XP level 4. HP: 22/41 MP: 3/3
  1967 | D:3      | Found a transporter.
  1999 | D:3      | Reached skill level 5 in Fighting
  2013 | D:3      | Found a transporter.
  2033 | D:3      | Reached XP level 5. HP: 25/48 MP: 4/4
  2376 | D:3      | Found a white marble altar of Elyvilon.
  2696 | D:4      | Reached skill level 5 in Axes
  2792 | D:4      | Noticed Grinder
  2792 | D:4      | Paralysed by Grinder for 2 turns
  2814 | D:4      | Killed Grinder
  2815 | D:4      | Reached skill level 5 in Armour
  2815 | D:4      | Reached XP level 6. HP: 9/58 MP: 5/5
  3131 | D:4      | Reached XP level 7. HP: 53/64 MP: 6/6
  3688 | D:5      | Entered Level 5 of the Dungeon
  3696 | D:5      | Noticed Sigmund
  3703 | D:5      | Killed Sigmund
  4615 | D:5      | Reached XP level 8. HP: 45/74 MP: 7/7
  5199 | D:6      | Found a blossoming altar of Fedhas.
  5280 | D:6      | Found a radiant altar of Vehumet.
  5280 | D:6      | Found an ancient bone altar of Kikubaaqudgha.
  5335 | D:7      | Noticed Duvessa
  5335 | D:7      | Noticed Dowan
  5584 | D:7      | Killed Dowan
  5590 | D:7      | HP: 3/78 [Duvessa/+2 short sword of speed (14)]
  5591 | D:7      | Killed Duvessa
  5832 | D:7      | Found a staircase to the Ecumenical Temple.
  5860 | Temple   | Entered the Ecumenical Temple
  5877 | Temple   | Became a worshipper of Gozag Ym Sagoz the Greedy
  5942 | D:7      | Found an ornate altar of the Wu Jian Council.
  5991 | D:7      | Found a snail-covered altar of Cheibriados.
  6013 | D:7      | Reached XP level 9. HP: 80/85 MP: 8/8
  6107 | D:7      | Found a sacrificial altar of Ru.
  6120 | D:7      | Reached skill level 10 in Fighting
  7014 | D:7      | Found a bloodstained altar of Trog.
  7124 | D:7      | Reached skill level 10 in Axes
  7797 | D:8      | Noticed a two-headed ogre
  7807 | D:8      | Killed a two-headed ogre
  8670 | D:9      | Reached XP level 10. HP: 86/96 MP: 9/9
  8925 | D:9      | Found a sparkling altar of Nemelex Xobeh.
  9813 | D:9      | Found a shimmering blue altar of Sif Muna.
 10056 | D:10     | Entered Level 10 of the Dungeon
 10056 | D:10     | Noticed Nergalle
 10076 | D:10     | Killed Nergalle
 10199 | D:10     | Noticed a death yak
 10205 | D:10     | Noticed a death yak
 10210 | D:10     | Noticed a death yak
 10230 | D:10     | Killed a death yak
 10484 | D:9      | Bought an embroidered cloak for 225 gold pieces
 10594 | D:10     | Found a staircase to the Lair.
 10936 | D:10     | Reached XP level 11. HP: 81/107 MP: 10/10
 11129 | D:10     | Found a burning altar of Makhleb.
 11138 | D:10     | Reached skill level 10 in Armour
 11365 | D:10     | Killed a death yak
 11379 | D:10     | Killed a death yak
 11607 | D:11     | You fall into a shaft and drop 3 floors!
 11803 | D:14     | Found Ixemmown's Weapon Boutique.
 11826 | D:14     | Noticed an arcanist
 11826 | D:14     | Noticed an eight-headed hydra
 11866 | D:14     | a faun changed into an entropy weaver
 11866 | D:14     | Noticed an entropy weaver (shapeshifter)
 11872 | D:14     | an entropy weaver changed into a boggart
 11892 | D:14     | HP: 7/162 [guardian serpent (glowing shapeshifter) (9)]
 11894 | D:14     | HP: 1/108 [guardian serpent (glowing shapeshifter) (7)]
 11895 | D:14     | Annihilated by a guardian serpent (glowing shapeshifter)

Illustrated notes

Levels and vault maps discovered:
D:1:      reono_arrival_mine, layout_basic, st_stairs_6, minmay_misc_feat_chi
D:2:      layout_basic, basic_altar, ebering_ecumenical_altar_webs
D:3:      gammafunk_steamed_eel, layout_rooms, kennysheep_ying_yang,
          gup_sewer_entry_spiral
D:4:      layout_basic, uniq_grinder
D:5:      lemuel_ice_spiral_2, layout_basic, uniq_sigmund
D:6:      layout_rooms, fedhas_altar_2, nicolae_overflow_two_pavilions
D:7:      layout_layer_cave, kennysheep_slug_shrine, trog_hazing_becter,
          nicolae_ru_great_annihilating_truth, pdpol_wu_jian_five_deadly_venoms,
          minmay_temple_entry_junction, grunt_decor_junction, uniq_duvessa
D:8:      layout_basic, minivault_24
D:9:      layout_long_grid, mainiacjoe_overflow_24_doors,
          mainiacjoe_overflow_alcove_1, kennysheep_decorative_pillar
D:10:     layout_roguey, bloody_makhleb, dpeg_lair_monsters,
          kennysheep_generic_room_3, uniq_nergalle
D:11:     layout_roguey
D:14:     layout_roguey, david_vaults_2, serial_shops, shop,
          nicolae_shop_advertising_works [nicolae_subvault_shop_adworks], shop,
          nicolae_shop_tiny_statue_garden, nicolae_shop_behind_doors,
          led_sif_pool
Temple:   zaba_magenta_temple

Skill      XL: |  1  2  3  4  5  6  7  8  9 10 11 |
---------------+----------------------------------+-----
Fighting       | 4 5 6 8 9 11 13 | 13.9
Axes           | 3 4 5 6 7 9 11 13 | 13.6
Armour         | 4 5 6 7 8 9 10 | 10.3
Shields        | |  3.6

Action                     |  1- 3 |  4- 6 |  7- 9 | 10-12 || total
---------------------------+-------+-------+-------+-------++-------
  Melee: War axe           |   120 |   125 |   296 |   256 ||   797
         Headbutt          |    14 |    14 |    55 |    46 ||   129
 Invoke: Call Merchant     |       |       |       |     1 ||     1
    Use: Potion            |       |       |     1 |     7 ||     8
         Scroll            |       |       |     6 |     8 ||    14
   Stab: Paralysed         |       |       |     1 |       ||     1
         Fleeing           |       |       |       |     1 ||     1
 Armour: Scale mail        |    89 |    76 |       |       ||   165
         Chain mail        |       |    36 |   316 |   175 ||   527
         Skin              |       |       |       |    82 ||    82
  Dodge: Dodged            |    57 |    33 |   176 |    80 ||   346
  Block: Buckler           |    30 |    19 |    92 |    46 ||   187
